 Dungeon Sprint DCSS version 0.27.1-33-g824d729ab1 (webtiles) character file.

Game seed: 11242010863936668945

12567 Hipnos the Warrior (level 11, -3/124 HPs)
             Began as a Minotaur Berserker on Nov 25, 2021.
             Was the Champion of Trog.
             Engulfed by a cloud of freezing vapour (15 damage)
             ... in the Dungeon (Sprint I: "Red Sonja").
             The game lasted 00:21:50 (3569 turns).

Hipnos the Warrior (Minotaur Berserker)             Turns: 3569, Time: 00:21:51

Health: -3/124     AC: 18    Str: 37    XL:     11   Next: 64%
Magic:  5/10       EV: 12    Int:  2    God:    Trog [******]
Gold:   1100       SH:  5    Dex:  7    Spells: 10/10 levels left

rFire    . . .     SeeInvis .   d - +6 long sword of Contention {vorpal, rElec rF- Str+9 Dex-5}
rCold    . . .     Faith    .   (no shield)
rNeg     . . .     Spirit   .   r - +3 chain mail {rPois}
rPois    +         Reflect  +   (helmet restricted)
rElec    +         Harm     .   (no cloak)
rCorr    .         Rampage  .   l - +1 pair of gloves {Dex+3}
Will     ++...     NoTele   +   j - +0 pair of boots
Stlth    ..........             m - amulet of reflection
HPRegen  1.30/turn              c - ring of protection from fire
MPRegen  0.12/turn              q - ring of poison resistance

@: strong-willed, unable to read, regenerating
A: horns 2, retaliatory headbutt, dopey 1, screaming 1, inhibited regeneration,
strong 1, inability to read while threatened
a: Renounce Religion, Berserk, Trog's Hand, Brothers in Arms


You were in the Dungeon.
You worshipped Trog.
Trog was exalted by your worship.
You visited 1 branch You collected 2169 gold pieces.
You spent 1069 gold pieces at shops.

Inventory:

Hand Weapons
 a - a +0 falchion
 d - the +6 long sword of Contention (weapon) {vorpal, rElec rF- Str+9 Dex-5}
   (You found it in the Dungeon)

   It inflicts extra damage upon your enemies.
   Str:       It affects your strength (+9).
   Dex:       It affects your dexterity (-5).
   rF:        It makes you vulnerable to fire.
   rElec:     It insulates you from electricity.
 o - a +0 antimagic long sword
 p - the +0 demon blade of Megalomania {flame, rElec rPois Int-3 SInv}
   (Trog gifted it to you in the Dungeon)

   It burns those it strikes, dealing additional fire damage.
   Big, fiery blades are also staple armaments of hydra-hunters.
   Int:       It affects your intelligence (-3).
   rElec:     It insulates you from electricity.
   rPois:     It protects you from poison.
   SInv:      It lets you see invisible.
 s - a +4 falchion of flaming
Armour
 b - a +0 animal skin
 j - a +0 pair of boots (worn)
 l - a +1 pair of gloves of dexterity (worn)
 n - a +0 chain mail
 r - a +3 chain mail of poison resistance (worn)
Jewellery
 c - a ring of protection from fire (left hand)
 m - an amulet of reflection (around neck)
 q - a ring of poison resistance (right hand)
Wands
 t - a wand of iceblast (7)
Scrolls
 h - a scroll of blinking
 k - a scroll of amnesia {unknown}
Potions
 e - a potion of haste
 f - 2 potions of magic
 g - a potion of berserk rage
 i - a potion of ambrosia {unknown}
 u - 2 potions of heal wounds


   Skills:
 + Level 19.9 Fighting
 + Level 19.6 Long Blades
 + Level 10.1 Armour
 + Level 13.7 Dodging
 + Level 4.7 Shields


You had 10 spell levels left.
You didn't know any spells.
Your spell library was empty.

Dungeon Overview and Level Annotations

Branches:
Dungeon (1/1)

Altars:
Cheibriados
Dithmenos
Elyvilon
Fedhas
Gozag
Hepliaklqana
Kikubaaqudgha
Makhleb
Nemelex Xobeh
Okawaru
Qazlal
Ru
Sif Muna
Trog
Uskayaw
Vehumet
Wu Jian
Xom
Yredelemnul
Zin
The Shining One
Jiyva
Lugonu

Shops:
D :(:*((*(:::==!(=[?*[*


Innate Abilities, Weirdness & Mutations

You have a pair of horns on your head.
You reflexively headbutt those who attack you in melee.
You are dopey. (Int -2)
You occasionally shout uncontrollably at your foes.
You do not regenerate when monsters are visible.
Your muscles are strong. (Str +2)
You sometimes lose the ability to read scrolls when taking damage.


Message History

You are exhausted.
You feel yourself slow down.
You see here a potion of curing.
Found 81 gold pieces.
You now have 1046 gold pieces (gained 27).
You are engulfed in freezing vapours.
* * * LOW HITPOINT WARNING * * *
Your cyclops rages.
You see here 27 gold pieces.
Okay, then.
You now have 1073 gold pieces (gained 27).
You now have 1100 gold pieces (gained 27).
You open the door.
Found a hand axe and 2 potions of heal wounds.
You feel the effects of Trog's Hand fading.
There is an open door here.
Your cyclops rages.
You see here a +0 hand axe.
u - 2 potions of heal wounds You start resting.
Your skin stops crawling.
You feel less strong-willed.
Your cyclops rages.
You start resting.
You feel yourself speed up.
You start resting.
Your cyclops is no longer berserk.
You can read scrolls again.
You start resting.
Your cyclops disappears in a puff of smoke!
You recover from your berserk rage.
You start resting.
You are engulfed in freezing vapours.
You feel threatened and lose the ability to read scrolls!
* * * LOW HITPOINT WARNING * * *
Unknown command.
Okay, then.
Your skin crawls.
You feel strong-willed.
You are engulfed in freezing vapours.
You die...

..§§#)§§§§#§.#^^)°○'°.$$$# #
_§#§##§#####'###°°°#○....# #
#'#.#.(..###.'.#...###''##
#.####'###)###.#..###..##
...'.[...'[∩##.#^.####$.# #
...###########.##'#$$#!.#$###
#.###.......##.##.#$$.°°°○$$#
#'#.#...§....'§####.$$$$°$$$#
....#'''######§#@○○.$$$$$####
.:..#.....§§§#.#####$$$###
#####....§§§#§§# #####
...(.....§.≈####
..(.......≈≈# #.......≈≈≈##
###..≈≈≈≈### ##'######'###
∩∩########∩∩#


There were no monsters in sight!

Vanquished Creatures
  A lorocyproca (D)
  A hydra (D)
  Sonja (D)
  A deep troll (D)
  A lindwurm (D)
  4 shining eyes (D)
  An oklob plant (D)
  A gargoyle (D)
  2 unseen horrors (D)
  2 kobold demonologists (D)
  A hellwing (D)
  3 demonic crawlers (D)
  A hornet (D)
  A slime creature (D)
  2 redbacks (D)
  Sigmund (D)
  A yak (D)
  12 hogs (D)
  3 floating eyes (D)
  7 necrophages (D)
  An ogre (D)
  8 jellies (D)
  Ijyb (D)
  A ballistomycete spore (D)
58 creatures vanquished.

Vanquished Creatures (collateral kills)
  2 centaur warriors (D)
  4 shining eyes (D)
  A demonic crawler (D)
  3 floating eyes (D)
10 creatures vanquished.

Vanquished Creatures (others)
  the Lernaean hydra (D)
  2 merfolk sirens (D)
  4 hornets (D)
  A hog (D)
  A floating eye (D)
  A ballistomycete spore (D)
10 creatures vanquished.

Grand Total: 78 creatures vanquished

Notes
Turn   | Place    | Note
-------+----------+-------------------------------------------
     0 | D        | Hipnos the Minotaur Berserker began the quest for the Orb.
     0 | D        | Reached XP level 1. HP: 19/19 MP: 0/0
     1 | D        | Noticed Ijyb
     4 | D        | Killed Ijyb
     5 | D        | Reached skill level 5 in Fighting
     5 | D        | Reached skill level 5 in Long Blades
     5 | D        | Reached XP level 2. HP: 29/29 MP: 1/1
    47 | D        | Noticed an ogre
    49 | D        | Killed an ogre
    50 | D        | Reached XP level 3. HP: 39/39 MP: 2/2
    50 | D        | Reached XP level 4. HP: 47/47 MP: 3/3
    85 | D        | Noticed Sigmund
    90 | D        | Killed Sigmund
    90 | D        | Reached ** piety under Trog
    91 | D        | Reached skill level 5 in Armour
    91 | D        | Reached XP level 5. HP: 58/58 MP: 4/4
   104 | D        | Found an ornate altar of the Wu Jian Council.
   104 | D        | Found a shimmering blue altar of Sif Muna.
   106 | D        | Found a radiant altar of Vehumet.
   109 | D        | Reached skill level 10 in Fighting
   109 | D        | Reached skill level 10 in Long Blades
   109 | D        | Reached XP level 6. HP: 60/66 MP: 5/5
   139 | D        | Found Roeror's Assorted Antiques.
   139 | D        | Found an ancient bone altar of Kikubaaqudgha.
   139 | D        | Found a hazy altar of Hepliaklqana.
   139 | D        | Found a stormy altar of Qazlal.
   139 | D        | Found a hide-covered altar of Uskayaw.
   139 | D        | Found a blossoming altar of Fedhas.
   139 | D        | Found a bloodstained altar of Trog.
   139 | D        | Found an iron altar of Okawaru.
   139 | D        | Found a basalt altar of Yredelemnul.
   139 | D        | Found a glowing golden altar of the Shining One.
   139 | D        | Found a snail-covered altar of Cheibriados.
   139 | D        | Found a sacrificial altar of Ru.
   139 | D        | Found a glowing silver altar of Zin.
   139 | D        | Found a shadowy altar of Dithmenos.
   139 | D        | Found a white marble altar of Elyvilon.
   139 | D        | Noticed a yak
   142 | D        | Killed a yak
   143 | D        | Reached skill level 5 in Dodging
   143 | D        | Found an opulent altar of Gozag.
   144 | D        | Found a sparkling altar of Nemelex Xobeh.
   148 | D        | Bought a pair of boots for 94 gold pieces
   167 | D        | Found a burning altar of Makhleb.
   167 | D        | Found a viscous altar of Jiyva.
   167 | D        | Found a shimmering altar of Xom.
   167 | D        | Found a corrupted altar of Lugonu.
   167 | D        | Noticed a slime creature
   177 | D        | Killed a slime creature
   177 | D        | Reached *** piety under Trog
   178 | D        | Reached XP level 7. HP: 45/75 MP: 6/6
   413 | D        | Noticed a kobold demonologist
   413 | D        | Noticed a kobold demonologist
   418 | D        | Noticed an orange demon
   427 | D        | Noticed a chaos spawn
   428 | D        | Killed a kobold demonologist
   434 | D        | Noticed an orange demon
   434 | D        | Killed a kobold demonologist
   434 | D        | Reached **** piety under Trog
   435 | D        | Reached XP level 8. HP: 86/86 MP: 7/7
   483 | D        | Noticed Sonja
   491 | D        | Killed Sonja
   492 | D        | Reached skill level 15 in Long Blades
   612 | D        | Killed a hornet
   667 | D        | Found Xaenuy's Book Boutique.
   699 | D        | Killed a hornet
   719 | D        | Noticed a deep troll
   731 | D        | Killed a deep troll
   732 | D        | Reached XP level 9. HP: 53/96 MP: 8/8
   746 | D        | Found Xunun's Armour Emporium.
   997 | D        | Noticed a centaur warrior
   997 | D        | Noticed a centaur warrior
  1003 | D        | Killed a centaur warrior
  1004 | D        | Reached skill level 15 in Fighting
  1005 | D        | Killed a centaur warrior
  1016 | D        | Paralysed by a hornet for 2 turns
  1019 | D        | HP: 4/99 [poisoned by a hornet]
  1020 | D        | HP: 1/100 [poisoned by a hornet]
  1081 | D        | Killed a merfolk siren
  1475 | D        | Noticed an oklob plant
  1483 | D        | Killed an oklob plant
  1614 | D        | Reached ***** piety under Trog
  1719 | D        | Killed a merfolk siren
  1816 | D        | Killed an unseen horror
  1817 | D        | Reached XP level 10. HP: 108/108 MP: 9/9
  1969 | D        | Reached skill level 10 in Dodging
  1980 | D        | Paralysed by a floating eye for 4 turns
  1993 | D        | Reached ****** piety under Trog
  2010 | D        | Received a gift from Trog
  2040 | D        | Identified the +6 long sword of Contention {vorpal, rElec
                  | rF- Str+9 Dex-5}
  2252 | D        | Found Huusub's Antique Weapon Shoppe.
  2252 | D        | Found Zysikhlal's General Store.
  2252 | D        | Found Liod's Book Boutique.
  2254 | D        | Found Bifoghitu's Book Emporium.
  2254 | D        | Found Disonacs's Book Shop.
  2254 | D        | Found Ewylynou's Jewellery Shoppe.
  2254 | D        | Found Nobav's Jewellery Boutique.
  2254 | D        | Found Qyuliel's Distillery.
  2254 | D        | Found Luppegak's Weapon Shop.
  2254 | D        | Found Imuopp Aquc's Jewellery Shoppe.
  2257 | D        | Found Qiloxok's Antique Armour Boutique.
  2258 | D        | Found Deut's General Store.
  2258 | D        | Found Enoas's Magic Scroll Boutique.
  2259 | D        | Found Ahem Esu's General Store.
  2290 | D        | Bought an amulet of reflection for 300 gold pieces
  2375 | D        | Reached skill level 1 in Shields
  2698 | D        | Noticed a lindwurm
  2705 | D        | Killed a lindwurm
  2705 | D        | Received a gift from Trog
  2772 | D        | Noticed a 12-headed hydra
  2774 | D        | Reached XP level 11. HP: 121/121 MP: 10/10
  2776 | D        | Identified the +0 demon blade of Megalomania {flame, rElec
                  | rPois Int-3 SInv} (Trog gifted it to you in the Dungeon)
  2776 | D        | Received a gift from Trog
  2781 | D        | Killed a 14-headed hydra
  2817 | D        | Noticed a deep elf annihilator
  2949 | D        | Killed the 27-headed Lernaean hydra
  3144 | D        | Noticed a shining eye
  3144 | D        | Noticed a shining eye
  3144 | D        | Noticed a shining eye
  3144 | D        | Noticed a shining eye
  3144 | D        | Noticed a shining eye
  3144 | D        | Noticed a shining eye
  3145 | D        | Gained mutation: You occasionally shout uncontrollably at
                  | your foes. [a shining eye]
  3147 | D        | Noticed a shining eye
  3147 | D        | Noticed a shining eye
  3147 | D        | Killed a shining eye
  3147 | D        | Paralysed by a floating eye for 2 turns
  3148 | D        | Gained mutation: Your muscles are strong. (Str +2) [a
                  | shining eye]
  3148 | D        | Received a gift from Trog
  3148 | D        | Gained mutation: You sometimes lose the ability to read
                  | scrolls when taking damage. [a shining eye]
  3149 | D        | Killed a shining eye
  3150 | D        | Gained mutation: You are dopey. (Int -2) [a shining eye]
  3150 | D        | Gained mutation: You do not regenerate when monsters are
                  | visible. [a shining eye]
  3151 | D        | Paralysed by a floating eye for 2 turns
  3153 | D        | Killed a shining eye
  3154 | D        | Killed a shining eye
  3156 | D        | Killed a shining eye
  3157 | D        | Killed a shining eye
  3160 | D        | Killed a shining eye
  3160 | D        | Killed a shining eye
  3160 | D        | Received a gift from Trog
  3169 | D        | Found Osuynur's Antique Weapon Shoppe.
  3169 | D        | Found Nyqun's Antique Weapon Shop.
  3169 | D        | Found Feofof's Book Emporium.
  3169 | D        | Found Siozexos's Antique Weapon Boutique.
  3275 | D        | Bought a ring of protection from fire for 325 gold pieces
  3279 | D        | Bought a ring of poison resistance for 200 gold pieces
  3284 | D        | Bought a shiny chain mail for 150 gold pieces
  3527 | D        | Killed a lorocyproca
  3528 | D        | Reached skill level 10 in Armour
  3536 | D        | HP: 5/124 [something (20)]
  3569 | D        | Engulfed by a cloud of freezing vapour

Illustrated notes

Levels and vault maps discovered:
D:        dungeon_sprint_1 [red_sonja_temple_1, red_sonja_temple_small_1]

Skill      XL: |  1  2  3  4  5  6  7  8  9 10 11 |
---------------+----------------------------------+-----
Fighting       | 5 7 9 10 11 13 14 16 18 19 | 19.9
Long Blades    | 5 7 9 10 12 13 15 17 18 19 | 19.6
Armour         | 3 4 5 6 7 8 10 | 10.1
Dodging        | 3 4 5 6 8 9 12 13 | 13.7
Shields        | 2 4 |  4.7

Action                   |  1- 3 |  4- 6 |  7- 9 | 10-12 || total
-------------------------+-------+-------+-------+-------++-------
Melee: Falchion          |     2 |    17 |    50 |    46 ||   115
       Headbutt          |     2 |    11 |    13 |    25 ||    51
       Long sword        |       |       |       |    54 ||    54
Invok: Berserk           |     2 |     1 |     6 |     7 ||    16
       Trog's Hand       |       |       |     2 |     6 ||     8
       Brothers in Arms  |       |       |     1 |     3 ||     4
  Use: Potion            |       |       |     3 |     1 ||     4
 Stab: Distracted        |       |       |       |     1 ||     1
Armor: Animal skin       |       |     2 |     4 |    15 ||    21
       Chain mail        |       |       |       |    40 ||    40
Dodge: Dodged            |       |     3 |    23 |    57 ||    83
Block: Other             |       |       |       |    13 ||    13
       Rpst.: Falchion   |       |     1 |     3 |     7 ||    11
       Long sword        |       |       |       |     8 ||     8
